 Dungeon Crawl Stone Soup version 0.28.0-45-g0d030f2227 (webtiles) character file.

Game seed: 2864743471440235692

710 Ablot the Cutter (level 7, -6/60 HPs)
             Began as a Gnoll Chaos Knight on Apr 16, 2022.
             Was a Plaything of Xom.
             Mangled by Crazy Yiuf
             ... wielding a +4 quarterstaff of chaos
              (7 damage)
             ... on level 4 of the Dungeon.
             The game lasted 00:06:13 (5162 turns).

Ablot the Cutter (Gnoll Chaos Knight)               Turns: 5162, Time: 00:06:14

Health: -6/60      AC:  6    Str: 13    XL:     7   Next: 68%
Magic:  10/10      EV: 12    Int:  9    God:    Xom [....*.]
Gold:   249        SH:  0    Dex: 12    Spells: 11/11 levels left

rFire   . . .      SeeInvis .   a - +0 short sword (chaos)
rCold   + . .      Faith    .   (no shield)
rNeg    . . .      Spirit   .   b - +2 leather armour
rPois   .          Reflect  .   l - +0 helmet
rElec   .          Harm     .   (no cloak)
rCorr   .          Rampage  .   (no gloves)
Will    .....                   (no boots)
Stlth   ++........              (no amulet)
HPRegen 0.20/turn               i - ring of ice
MPRegen 0.12/turn               (no ring)

@: no status effects
A: fangs 1, strong nose, distributed training, dopey 1, fire resistance 1
a: Renounce Religion


You were on level 4 of the Dungeon.
You worshipped Xom.
You were a beloved toy of Xom.
You visited 1 branch of the dungeon, and saw 4 of its levels.

You collected 249 gold pieces.

Inventory:

Hand Weapons
 a - a +0 short sword of chaos (weapon)
Missiles
 c - 99 stones
 d - 9 bolts
 m - 17 sling bullets
 n - 3 boomerangs
 r - 20 arrows
 x - 4 poisoned darts (quivered)
Armour
 b - a +2 leather armour (worn)
 l - a +0 helmet (worn)
 t - a +2 pair of boots
Jewellery
 i - a ring of ice (left hand)
Wands
 q - a wand of digging (6)
 s - a wand of iceblast (8)
Scrolls
 e - a scroll of noise {unknown}
 f - 3 scrolls of enchant weapon {unknown}
 g - 5 scrolls of identify {unknown}
 h - 2 scrolls of vulnerability {unknown}
 o - a scroll of silence {unknown}
 u - a scroll of enchant armour {unknown}
 v - a scroll of fog {unknown}
Potions
 j - a potion of cancellation {unknown}
 k - a potion of brilliance {unknown}
 p - a potion of curing {unknown}
 w - 2 potions of degeneration {unknown}


   Skills:
 + Level 7.1 Fighting
 + Level 7.1 Short Blades
 + Level 2.6 Long Blades
 + Level 2.6 Axes
 + Level 2.6 Maces & Flails
 + Level 2.6 Polearms
 + Level 2.6 Staves
 + Level 2.6 Slings
 + Level 2.6 Bows
 + Level 2.6 Crossbows
 + Level 2.6 Throwing
 + Level 5.3 Armour
 + Level 3.7 Dodging
 + Level 2.6 Stealth
 + Level 2.6 Shields
 + Level 2.6 Unarmed Combat
 + Level 2.6 Spellcasting
 + Level 2.1 Conjurations
 + Level 2.1 Hexes
 + Level 2.1 Summonings
 + Level 2.1 Necromancy
 + Level 2.1 Translocations
 + Level 2.1 Transmutations
 + Level 2.1 Fire Magic
 + Level 2.1 Ice Magic
 + Level 2.1 Air Magic
 + Level 2.1 Earth Magic
 + Level 2.1 Poison Magic
 + Level 2.9 Invocations
 + Level 2.6 Evocations


You had 11 spell levels left.
You didn't know any spells.
Your spell library was empty.

Dungeon Overview and Level Annotations

Branches:
Dungeon (4/15)
 Temple: D:4-7

Altars:

Shops:
D:2 [   D:3 :

Annotations:
D:4 Crazy Yiuf


Innate Abilities, Weirdness & Mutations

You have very sharp teeth.
Your uncanny sense of smell can sniff out nearby items.
Your experience applies equally to all skills.
You are dopey. (Int -2)
Your flesh is heat resistant. (rF+)


Message History

You enter the shallow water.
Moving in this stuff is going to be slow.
Crazy Yiuf shouts!
Crazy Yiuf cries, "Cholesterol!"
You open the door. You hit Crazy Yiuf but do no damage.
Crazy Yiuf hits you with a +4 quarterstaff of chaos!
Crazy Yiuf burns you.
You hit Crazy Yiuf. You drain Crazy Yiuf.
Crazy Yiuf is lightly wounded.
Crazy Yiuf closely misses you.
You hit Crazy Yiuf. You burn Crazy Yiuf. Your punch misses Crazy Yiuf.
Crazy Yiuf is heavily wounded.
You hit Crazy Yiuf.
Crazy Yiuf suddenly seems more agile.
Crazy Yiuf is severely wounded.
Crazy Yiuf hits you with a +4 quarterstaff of chaos!
You hit Crazy Yiuf but do no damage.
Crazy Yiuf is severely wounded.
Crazy Yiuf misses you.
You miss Crazy Yiuf.
Crazy Yiuf is severely wounded.
Crazy Yiuf hits you with a +4 quarterstaff of chaos!
Space warps around you.
You hit Crazy Yiuf. Your bite misses Crazy Yiuf.
Crazy Yiuf is almost dead.
Crazy Yiuf hits you with a +4 quarterstaff of chaos!
* * * LOW HITPOINT WARNING * * *
You closely miss Crazy Yiuf.
Crazy Yiuf is almost dead.
You hit Crazy Yiuf but do no damage.
Crazy Yiuf is poisoned.
Your bite misses Crazy Yiuf.
Crazy Yiuf is almost dead.
Crazy Yiuf says, "One may say the eternal mystery of the world is its comprehensibility."
Crazy Yiuf hits you with a +4 quarterstaff of chaos!
* * * LOW HITPOINT WARNING * * *
You resist with some effort.
You barely miss Crazy Yiuf.
Crazy Yiuf is almost dead.
Crazy Yiuf hits you with a +4 quarterstaff of chaos!
You die...

#.# #.....##
###
#......#####
#.......#...
#####
#.......'...
#)..#
#.......#.#.
#...#
#......##.#.
...
#.....###.#.
#g# ##...##
#.#. ♣@♣♣
##'## #...
♣♣.♣ #.#
#### ♣.♣♣
#.# ♣♣.♣
##.## ♣♣.♣♣
##...#######
♣♣...♣
#...........
♣....♣
#....######.
#....#
#.......###.
##..##
###.###.....


You could see Crazy Yiuf (agile, very poisoned, drained).

Vanquished Creatures
  Grinder (D:3)
  A water moccasin (D:3)
  A black bear (D:4)
  A scorpion (D:4)
  A gnoll shaman (D:4)
  A hound (D:4)
  Robin (D:3)
  A gnoll (D:4)
  4 adders
  3 worms
  2 dart slugs
  6 orcs
  3 ball pythons
  4 endoplasms
  3 giant cockroaches
  10 goblins
  9 hobgoblins
  6 quokkas
  7 bats
  3 frilled lizards (D:1)
  7 kobolds
  5 rats
80 creatures vanquished.

Vanquished Creatures (collateral kills)
  4 gnolls (D:4)
4 creatures vanquished.

Grand Total: 84 creatures vanquished

Notes
Turn   | Place    | Note
-------+----------+-------------------------------------------
     0 | D:1      | Ablot the Gnoll Chaos Knight began the quest for the Orb.
     0 | D:1      | Reached XP level 1. HP: 23/23 MP: 1/1
    17 | D:1      | XOM: potion effect (curing)
   269 | D:1      | Reached XP level 2. HP: 28/29 MP: 2/2
   314 | D:1      | XOM: divination: detect creatures
   447 | D:1      | XOM: silly message
   873 | D:1      | Reached XP level 3. HP: 35/35 MP: 3/3
   878 | D:1      | XOM: 6-stop teleportation journey
   985 | D:1      | XOM: 2-stop teleportation journey
  1089 | D:1      | XOM: noise
  1387 | D:2      | Reached skill level 1 in Invocations
  1459 | D:2      | XOM: noise
  1572 | D:2      | XOM: 2-stop teleportation journey
  1686 | D:2      | You fall into a shaft and drop 1 floor!
  1726 | D:3      | Noticed Robin
  1746 | D:3      | Reached skill level 1 in Long Blades
  1746 | D:3      | Reached skill level 1 in Axes
  1746 | D:3      | Reached skill level 1 in Maces & Flails
  1746 | D:3      | Reached skill level 1 in Polearms
  1746 | D:3      | Reached skill level 1 in Staves
  1746 | D:3      | Reached skill level 1 in Slings
  1746 | D:3      | Reached skill level 1 in Bows
  1746 | D:3      | Reached skill level 1 in Crossbows
  1746 | D:3      | Reached skill level 1 in Throwing
  1746 | D:3      | Reached skill level 1 in Stealth
  1746 | D:3      | Reached skill level 1 in Shields
  1746 | D:3      | Reached skill level 1 in Unarmed Combat
  1746 | D:3      | Reached skill level 1 in Spellcasting
  1746 | D:3      | Reached skill level 1 in Evocations
  1754 | D:3      | Killed Robin
  1755 | D:3      | Reached XP level 4. HP: 25/41 MP: 5/5
  2105 | D:3      | XOM: divination: magic mapping
  2296 | D:2      | Found Hiss's Antique Armour Boutique.
  2957 | D:3      | Reached skill level 1 in Conjurations
  2957 | D:3      | Reached skill level 1 in Hexes
  2957 | D:3      | Reached skill level 1 in Summonings
  2957 | D:3      | Reached skill level 1 in Necromancy
  2957 | D:3      | Reached skill level 1 in Translocations
  2957 | D:3      | Reached skill level 1 in Transmutations
  2957 | D:3      | Reached skill level 1 in Fire Magic
  2957 | D:3      | Reached skill level 1 in Ice Magic
  2957 | D:3      | Reached skill level 1 in Air Magic
  2957 | D:3      | Reached skill level 1 in Earth Magic
  2957 | D:3      | Reached skill level 1 in Poison Magic
  3038 | D:3      | XOM: divination: detect creatures
  3042 | D:3      | XOM: silly message
  3141 | D:3      | Noticed a water moccasin
  3154 | D:3      | XOM: divination: magic mapping
  3159 | D:3      | XOM: cast spell 'Call Canine Familiar'
  3162 | D:3      | Killed a water moccasin
  3163 | D:3      | Reached XP level 5. HP: 13/47 MP: 5/7
  3266 | D:3      | XOM: silly message
  3280 | D:3      | XOM: silly message
  3460 | D:3      | XOM: silly message
  3591 | D:3      | XOM: silly message
  3595 | D:3      | Found a faded altar of an unknown god.
  3672 | D:3      | Noticed Grinder
  3680 | D:3      | Killed Grinder
  3681 | D:3      | Reached skill level 5 in Armour
  3681 | D:3      | Reached XP level 6. HP: 47/53 MP: 7/9
  3850 | D:3      | Found Erugepy's Book Shoppe.
  4050 | D:3      | XOM: summons 1 hostile shadow creature
  4093 | D:4      | Noticed a black bear
  4093 | D:4      | XOM: 6-stop teleportation journey
  4098 | D:4      | Killed a black bear
  4099 | D:4      | Reached XP level 7. HP: 52/60 MP: 10/10
  4160 | D:4      | Found a runed translucent door.
  4161 | D:4      | Noticed Crazy Yiuf
  4283 | D:4      | XOM: give mutations
  4283 | D:4      | Gained mutation: Your flesh is heat resistant. (rF+) [Xom's
                  | mischief]
  4283 | D:4      | Gained mutation: You are dopey. (Int -2) [Xom's mischief]
  4294 | D:4      | XOM: 2-stop teleportation journey
  4490 | D:4      | XOM: summons 7 friendly demons
  5161 | D:4      | HP: 1/60 [Crazy Yiuf/+4 quarterstaff of chaos (9)]
  5162 | D:4      | Mangled by Crazy Yiuf

Illustrated notes

Levels and vault maps discovered:
D:1:      dpeg_arrival_rhombus, layout_basic
D:2:      layout_basic, serial_shops, nicolae_shop_advertising_works
          [nicolae_subvault_shop_adworks], hex_medium, skrybe_limestone_x
D:3:      layout_loops_corners, serial_shops, nicolae_shop_hallway_plus,
          ebering_ecumenical_altar_rust, uniq_robin, uniq_grinder
D:4:      layout_loops_corners, lemuel_old_faithful, uniq_crazy_yiuf_cottage

Skill      XL: |  1  2  3  4  5  6  7 |
---------------+----------------------+-----
Invocations    | 1 2 |  2.9
Long Blades    | 1 2 |  2.6
Axes           | 1 2 |  2.6
Maces & Flails | 1 2 |  2.6
Polearms       | 1 2 |  2.6
Staves         | 1 2 |  2.6
Slings         | 1 2 |  2.6
Bows           | 1 2 |  2.6
Crossbows      | 1 2 |  2.6
Throwing       | 1 2 |  2.6
Stealth        | 1 2 |  2.6
Shields        | 1 2 |  2.6
Unarmed Combat | 1 2 |  2.6
Spellcasting   | 1 2 |  2.6
Evocations     | 1 2 |  2.6
Conjurations   | 1 2 |  2.1
Hexes          | 1 2 |  2.1
Summonings     | 1 2 |  2.1
Necromancy     | 1 2 |  2.1
Translocations | 1 2 |  2.1
Transmutations | 1 2 |  2.1
Fire Magic     | 1 2 |  2.1
Ice Magic      | 1 2 |  2.1
Air Magic      | 1 2 |  2.1
Earth Magic    | 1 2 |  2.1
Poison Magic   | 1 2 |  2.1
Dodging        | 3 |  3.7
Armour         | 5 |  5.3
Fighting       | 7 |  7.1
Short Blades   | 7 |  7.1

Action                   |  1- 3 |  4- 6 |  7- 9 || total
-------------------------+-------+-------+-------++-------
Melee: Short sword       |   117 |   108 |    65 ||   290
       Bite              |     8 |    10 |     3 ||    21
       Punch             |       |       |     3 ||     3
Throw: Boomerang         |       |     7 |       ||     7
 Stab: Sleeping          |     1 |     3 |     4 ||     8
       Paralysed         |       |     2 |       ||     2
Armor: Leather armour    |    40 |    25 |    19 ||    84
Dodge: Dodged            |    73 |    42 |    30 ||   145
